TOP OF THE 1ST |
Lannister United Lionhearts batting - Pitching for Chesapeake Continentals : RHP Dae-il Kim
|
Pitching: RHP Dae-il Kim
|
|
Batting: RHB Jason Compton
|
0-0: Ball 1-0: Ball 2-0: Ball 3-0: Base on Balls
|
Batting: LHB José Vargas
|
0-0: Ball Jason Compton steals 2nd base 1-0: DOUBLE (Line Drive, 9LM) Jason Compton scores
|
Batting: LHB Propsero Lavin
|
0-0: Called Strike 0-1: Ball 1-1: Ball 2-1: Swinging Strike 2-2: Foul Ball, location: 2F 2-2: Ground out 5-3 (Groundball, 56)
|
Batting: RHB Tomás Martínez
|
0-0: DOUBLE (Flyball, 8RXD) José Vargas scores
|
Batting: RHB Bartolo Martínez
|
0-0: Called Strike 0-1: Called Strike 0-2: Ball 1-2: Foul Ball, location: 2F 1-2: Ball 2-2: Foul Ball, location: 2F 2-2: Ball 3-2: Strikes out swinging
|
Batting: LHB Gabriel Córdova
|
0-0: Ball 1-0: Swinging Strike 1-1: Called Strike 1-2: SINGLE (Flyball, 7LS) Tomás Martínez to third Runner from 3rd tries for Home, SAFE, no throw or cutoff
|
Batting: RHB Tony Martínez
|
0-0: Called Strike 0-1: Ball 1-1: Ball 2-1: Ball 3-1: Ground out 6-3 (Groundball, 56)
|
Top of the 1st over - 3 run(s), 3 hit(s), 0 error(s), 1 left on base; Lannister United 3 - Chesapeake 0 |
BOTTOM OF THE 1ST |
Chesapeake Continentals batting - Pitching for Lannister United Lionhearts : RHP Edgar Lankford
|
Pitching: RHP Edgar Lankford
|
|
Batting: RHB Héctor Hernández
|
0-0: Ball 1-0: Ball 2-0: Ball 3-0: Base on Balls
|
Batting: RHB Miguel Cruz
|
0-0: Ball Héctor Hernández is caught stealing 2nd base 1-0: Ball 2-0: Called Strike 2-1: Ground out 6-3 (Groundball, 6)
|
Batting: SHB Jake Richardson
|
0-0: Called Strike 0-1: Swinging Strike 0-2: Foul Ball, location: 2F 0-2: Ball 1-2: Ball 2-2: Ball 3-2: Ground out U3 (Groundball, 3S)
|
Bottom of the 1st over - 0 run(s), 0 hit(s), 0 error(s), 0 left on base; Lannister United 3 - Chesapeake 0 |
TOP OF THE 2ND |
Lannister United Lionhearts batting - Pitching for Chesapeake Continentals : RHP Dae-il Kim
|
Batting: LHB Jon Baxter
|
0-0: Ball 1-0: Foul Ball, location: 2F 1-1: Called Strike 1-2: Ball 2-2: Foul Ball, location: 2F 2-2: Ball 3-2: Base on Balls
|
Batting: RHB Ángel Arroyo
|
0-0: Ball 1-0: Called Strike 1-1: Ball 2-1: Ball 3-1: Base on Balls Jon Baxter to second
|
Batting: RHB Jason Compton
|
0-0: Called Strike 0-1: Ball 1-1: Fielders Choice at 2nd, 6-4 (Groundball, 56D) Jon Baxter to third
|
Batting: LHB José Vargas
|
0-0: Foul Ball, location: 2F 0-1: Ball 1-1: Ball 2-1: Ball 3-1: Swinging Strike 3-2: Strikes out looking
|
Batting: LHB Propsero Lavin
|
0-0: Foul Ball, location: 2F 0-1: Called Strike 0-2: Ball 1-2: Fly out, F4 (Line Drive, 4)
|
Top of the 2nd over - 0 run(s), 0 hit(s), 0 error(s), 2 left on base; Lannister United 3 - Chesapeake 0 |
BOTTOM OF THE 2ND |
Chesapeake Continentals batting - Pitching for Lannister United Lionhearts : RHP Edgar Lankford
|
Batting: RHB Mike Greene
|
0-0: Ball 1-0: Fly out, F9 (Flyball, 89D)
|
Batting: RHB Jorge Rodríguez
|
0-0: Ball 1-0: Ball 2-0: Ball 3-0: Base on Balls
|
Batting: RHB Mike Peterson
|
0-0: Ball 1-0: Swinging Strike 1-1: Called Strike 1-2: Fly out, F9 (Flyball, 9M)
|
Batting: SHB Thomas Sherman
|
0-0: Ball 1-0: Ball 2-0: Called Strike 2-1: Ball Passed Ball! Jorge Rodríguez to second 3-1: Called Strike 3-2: Base on Balls
|
Batting: RHB Bryan Sanders
|
0-0: Called Strike 0-1: Swinging Strike 0-2: Strikes out swinging
|
Bottom of the 2nd over - 0 run(s), 0 hit(s), 0 error(s), 2 left on base; Lannister United 3 - Chesapeake 0 |
TOP OF THE 3RD |
Lannister United Lionhearts batting - Pitching for Chesapeake Continentals : RHP Dae-il Kim
|
Batting: RHB Tomás Martínez
|
0-0: Ground out 1-3 (Groundball, 2L)
|
Batting: RHB Bartolo Martínez
|
0-0: SINGLE (Groundball, 56D)
|
Batting: LHB Gabriel Córdova
|
0-0: Fly out, F4 (Popup, 4MD)
|
Batting: RHB Tony Martínez
|
0-0: Ball 1-0: Called Strike 1-1: Called Strike 1-2: SINGLE (Groundball, 4M) Bartolo Martínez to second Runner from 2nd tries for 3rd, SAFE, throw made to third
|
Batting: LHB Jon Baxter
|
0-0: Called Strike 0-1: Swinging Strike 0-2: DOUBLE (Line Drive, 7LS) Bartolo Martínez scores Tony Martínez to third Runner from 3rd tries for Home, throw and OUT!
|
Top of the 3rd over - 1 run(s), 3 hit(s), 0 error(s), 1 left on base; Lannister United 4 - Chesapeake 0 |
BOTTOM OF THE 3RD |
Chesapeake Continentals batting - Pitching for Lannister United Lionhearts : RHP Edgar Lankford
|
Batting: RHB Rudko Hrnjak
|
0-0: Ball 1-0: Swinging Strike 1-1: Foul Ball, location: 2F 1-2: Ball 2-2: Ground out 6-3 (Groundball, 6)
|
Batting: RHB Héctor Hernández
|
0-0: Foul Ball, location: 2F 0-1: Ball 1-1: Ball 2-1: Called Strike 2-2: Strikes out swinging
|
Batting: RHB Miguel Cruz
|
0-0: Ground out 4-3 (Groundball, 4M)
|
Bottom of the 3rd over - 0 run(s), 0 hit(s), 0 error(s), 0 left on base; Lannister United 4 - Chesapeake 0 |
TOP OF THE 4TH |
Lannister United Lionhearts batting - Pitching for Chesapeake Continentals : RHP Dae-il Kim
|
Batting: RHB Ángel Arroyo
|
0-0: Ball 1-0: Ball 2-0: Ball 3-0: Base on Balls
|
Batting: RHB Jason Compton
|
0-0: Ball 1-0: Ball 2-0: Ball 3-0: Base on Balls Ángel Arroyo to second
|
Batting: LHB José Vargas
|
0-0: Foul Ball, location: 2F 0-1: Ball 1-1: Swinging Strike 1-2: Fly out, F8 (Flyball, 8RXD) Runner from 2nd tags up, SAFE at 3rd, no throw
|
Batting: LHB Propsero Lavin
|
0-0: Ball 1-0: Called Strike 1-1: Fielders Choice at 2nd, 4-6 (Groundball, 4) Ángel Arroyo scores
|
Batting: RHB Tomás Martínez
|
0-0: Foul Ball, location: 2F 0-1: Swinging Strike 0-2: Ball 1-2: Strikes out swinging
|
Top of the 4th over - 1 run(s), 0 hit(s), 0 error(s), 1 left on base; Lannister United 5 - Chesapeake 0 |
BOTTOM OF THE 4TH |
Chesapeake Continentals batting - Pitching for Lannister United Lionhearts : RHP Edgar Lankford
|
Batting: SHB Jake Richardson
|
0-0: Ball 1-0: Ball 2-0: Fly out, F8 (Popup, 8RS)
|
Batting: RHB Mike Greene
|
0-0: Foul Ball, location: 2F 0-1: Swinging Strike 0-2: Ball 1-2: Ball 2-2: Foul Ball, location: 2F 2-2: Ball 3-2: DOUBLE (Line Drive, 89XD)
|
Batting: RHB Jorge Rodríguez
|
0-0: Ball Wild Pitch! Mike Greene to third 1-0: Ball 2-0: Ball 3-0: Called Strike 3-1: Ground out 5-3 (Groundball, 5S)
|
Batting: RHB Mike Peterson
|
0-0: Foul Ball, location: 2F 0-1: Ball 1-1: Ball 2-1: Ball 3-1: Foul Ball, location: 2F 3-2: Base on Balls
|
Batting: SHB Thomas Sherman
|
0-0: Ball 1-0: Ball 2-0: Fly out, F7 (Flyball, 7M)
|
Bottom of the 4th over - 0 run(s), 1 hit(s), 0 error(s), 2 left on base; Lannister United 5 - Chesapeake 0 |
TOP OF THE 5TH |
Lannister United Lionhearts batting - Pitching for Chesapeake Continentals : RHP Dae-il Kim
|
Batting: RHB Bartolo Martínez
|
0-0: Foul Ball, location: 2F 0-1: Ball 1-1: Ground out 6-3 (Groundball, 6M)
|
Batting: LHB Gabriel Córdova
|
0-0: Called Strike 0-1: Called Strike 0-2: Foul Ball, location: 2F 0-2: Foul Ball, location: 2F 0-2: Strikes out swinging
|
Batting: RHB Tony Martínez
|
0-0: Ball 1-0: Ball 2-0: Ball 3-0: Base on Balls
|
Batting: LHB Jon Baxter
|
0-0: Ball 1-0: Called Strike 1-1: Swinging Strike 1-2: Strikes out swinging
|
Top of the 5th over - 0 run(s), 0 hit(s), 0 error(s), 1 left on base; Lannister United 5 - Chesapeake 0 |
BOTTOM OF THE 5TH |
Chesapeake Continentals batting - Pitching for Lannister United Lionhearts : RHP Edgar Lankford
|
Batting: RHB Bryan Sanders
|
0-0: Ball 1-0: Foul Ball, location: 2F 1-1: Ground out 6-3 (Groundball, 6M)
|
Batting: RHB Rudko Hrnjak
|
0-0: Ball 1-0: Called Strike 1-1: Foul Ball, location: 2F 1-2: Foul Ball, location: 2F 1-2: Fly out, F7 (Flyball, 78M)
|
Batting: RHB Héctor Hernández
|
0-0: Ball 1-0: Foul Ball, location: 2F 1-1: Ball 2-1: Fly out, F8 (Flyball, 8LM)
|
Bottom of the 5th over - 0 run(s), 0 hit(s), 0 error(s), 0 left on base; Lannister United 5 - Chesapeake 0 |
TOP OF THE 6TH |
Lannister United Lionhearts batting - Pitching for Chesapeake Continentals : RHP Dae-il Kim
|
Pitching: LHP Luis Rodríguez
|
|
Batting: RHB Ángel Arroyo
|
0-0: Fly out, F9 (Flyball, 89M)
|
Batting: RHB Jason Compton
|
0-0: Called Strike 0-1: Swinging Strike 0-2: Ball 1-2: Strikes out swinging
|
Batting: LHB José Vargas
|
0-0: Foul Ball, location: 2F 0-1: Swinging Strike 0-2: Ball 1-2: Ball 2-2: Foul Ball, location: 2F 2-2: Ball 3-2: Reached on error, E4 (Groundball, 4)
|
Batting: LHB Propsero Lavin
|
0-0: Called Strike 0-1: Swinging Strike 0-2: Ball 1-2: Ball 2-2: Foul Ball, location: 2F 2-2: Strikes out swinging
|
Top of the 6th over - 0 run(s), 0 hit(s), 1 error(s), 1 left on base; Lannister United 5 - Chesapeake 0 |
BOTTOM OF THE 6TH |
Chesapeake Continentals batting - Pitching for Lannister United Lionhearts : RHP Edgar Lankford
|
Batting: RHB Miguel Cruz
|
0-0: Ball 1-0: Swinging Strike 1-1: Swinging Strike 1-2: Ground out 5-3 (Groundball, 56)
|
Batting: SHB Jake Richardson
|
0-0: Ball 1-0: Ball 2-0: Ball 3-0: Base on Balls
|
Batting: RHB Mike Greene
|
0-0: Fly out, F9 (Flyball, 9D)
|
Batting: RHB Jorge Rodríguez
|
0-0: Ball 1-0: SINGLE (Flyball, 9LS) Jake Richardson to second Runner from 2nd tries for 3rd, SAFE, throw made to third
|
Batting: RHB Mike Peterson
|
0-0: Called Strike 0-1: Swinging Strike 0-2: Ball 1-2: Ball 2-2: DOUBLE (Line Drive, 7D) Jake Richardson scores Jorge Rodríguez to third Runner from 3rd tries for Home, throw and OUT!
|
Bottom of the 6th over - 1 run(s), 2 hit(s), 0 error(s), 1 left on base; Lannister United 5 - Chesapeake 1 |
TOP OF THE 7TH |
Lannister United Lionhearts batting - Pitching for Chesapeake Continentals : LHP Luis Rodríguez
|
Batting: RHB Tomás Martínez
|
0-0: Called Strike 0-1: Ball 1-1: Ball 2-1: Foul Ball, location: 2F 2-2: Strikes out swinging
|
Batting: RHB Bartolo Martínez
|
0-0: Ground out 5-3 (Groundball, 56)
|
Batting: LHB Gabriel Córdova
|
0-0: Swinging Strike 0-1: Called Strike 0-2: Ground out 6-3 (Groundball, 6)
|
Top of the 7th over - 0 run(s), 0 hit(s), 0 error(s), 0 left on base; Lannister United 5 - Chesapeake 1 |
BOTTOM OF THE 7TH |
Chesapeake Continentals batting - Pitching for Lannister United Lionhearts : RHP Edgar Lankford
|
Batting: SHB Thomas Sherman
|
0-0: Foul Ball, location: 2F 0-1: Foul Ball, location: 2F 0-2: Strikes out swinging, 2-3 out at first.
|
Pitching: RHP Frank Castle
|
|
Batting: RHB Bryan Sanders
|
0-0: Foul Ball, location: 2F 0-1: Ball 1-1: Called Strike 1-2: Ball 2-2: Fly out, F7 (Flyball, 7S)
|
Batting: RHB Rudko Hrnjak
|
0-0: Ball 1-0: Fly out, F9 (Line Drive, 9M)
|
Bottom of the 7th over - 0 run(s), 0 hit(s), 0 error(s), 0 left on base; Lannister United 5 - Chesapeake 1 |
TOP OF THE 8TH |
Lannister United Lionhearts batting - Pitching for Chesapeake Continentals : LHP Luis Rodríguez
|
Batting: RHB Tony Martínez
|
0-0: Ball 1-0: Ball 2-0: Called Strike 2-1: Fly out, F6 (Line Drive, 6M)
|
Batting: LHB Jon Baxter
|
0-0: Ball 1-0: SINGLE (Line Drive, 7S)
|
Batting: RHB Ángel Arroyo
|
0-0: Grounds into double play, 5-4-3 (Groundball, 56)
|
Top of the 8th over - 0 run(s), 1 hit(s), 0 error(s), 0 left on base; Lannister United 5 - Chesapeake 1 |
BOTTOM OF THE 8TH |
Chesapeake Continentals batting - Pitching for Lannister United Lionhearts : RHP Frank Castle
|
Batting: RHB Héctor Hernández
|
0-0: Called Strike 0-1: SINGLE (Line Drive, 4D)
|
Batting: RHB Miguel Cruz
|
0-0: Fielders Choice at 2nd, 6-4 (Groundball, 6M)
|
Batting: SHB Jake Richardson
|
0-0: 2-RUN HOME RUN (Flyball, 9LD), Distance : 335 ft
|
Batting: RHB Mike Greene
|
0-0: Ball 1-0: Called Strike 1-1: Ball 2-1: Foul Ball, location: 2F 2-2: Foul Ball, location: 2F 2-2: Ball 3-2: Foul Ball, location: 2F 3-2: Ground out 5-3 (Groundball, 56)
|
Batting: RHB Jorge Rodríguez
|
0-0: Called Strike 0-1: Ball 1-1: Foul Ball, location: 2F 1-2: Fly out, F7 (Line Drive, 7S)
|
Bottom of the 8th over - 2 run(s), 2 hit(s), 0 error(s), 0 left on base; Lannister United 5 - Chesapeake 3 |
TOP OF THE 9TH |
Lannister United Lionhearts batting - Pitching for Chesapeake Continentals : LHP Luis Rodríguez
|
Batting: RHB Jason Compton
|
0-0: Called Strike 0-1: Foul Ball, location: 2F 0-2: Ground out 6-3 (Groundball, 6)
|
Batting: LHB José Vargas
|
0-0: Foul Ball, location: 2F 0-1: Ball 1-1: Foul Ball, location: 2F 1-2: Fly out, F7 (Flyball, 7M)
|
Batting: LHB Propsero Lavin
|
0-0: Ball 1-0: Ball 2-0: SINGLE (Flyball, 6MD)
|
Batting: RHB Tomás Martínez
|
0-0: Ball 1-0: Called Strike 1-1: Swinging Strike 1-2: Ball 2-2: Strikes out swinging
|
Top of the 9th over - 0 run(s), 1 hit(s), 0 error(s), 1 left on base; Lannister United 5 - Chesapeake 3 |
BOTTOM OF THE 9TH |
Chesapeake Continentals batting - Pitching for Lannister United Lionhearts : RHP Frank Castle
|
Pitching: RHP Félix Torres
|
|
Batting: RHB Mike Peterson
|
0-0: Foul Ball, location: 2F 0-1: Ground out 4-3 (Groundball, 34)
|
Batting: SHB Thomas Sherman
|
0-0: Ball 1-0: Foul Ball, location: 2F 1-1: Ball 2-1: Foul Ball, location: 2F 2-2: Ball 3-2: Base on Balls
|
Pinch Hitting: SHB Dominique Prost
|
0-0: Foul Ball, location: 2F 0-1: Called Strike 0-2: Fly out, F9 (Line Drive, 9LM)
|
Pinch Hitting: RHB Gabriel Guerrero
|
0-0: Called Strike 0-1: Ball 1-1: Ball 2-1: Ball 3-1: Swinging Strike 3-2: Strikes out swinging
|
Bottom of the 9th over - 0 run(s), 0 hit(s), 0 error(s), 1 left on base; Lannister United 5 - Chesapeake 3 |
|